 Dungeon Crawl Stone Soup version 0.23.2-40-g277498a001 (webtiles) character file.

Game seed: 8173580091847758377

170 Marnok the Poker (level 5, 0/41 HPs)
             Began as a Demonspawn Chaos Knight on Oct 5, 2019.
             Was a Plaything of Xom.
             Slain by a wight
             ... wielding a +3 halberd
              (12 damage)
             ... on level 4 of the Dungeon.
             The game lasted 00:08:47 (1860 turns).

Marnok the Poker (Demonspawn Chaos Knight)          Turns: 1860, Time: 00:08:47

Health: 0/41       AC: 10    Str: 14    XL:     5   Next: 26%
Magic:  5/5        EV: 11    Int: 13    God:    Xom [..*...]
Gold:   51         SH:  0    Dex: 12    Spells: 4/4 levels left

rFire    . . .     SeeInvis .   e - +1 spear (pierce)
rCold    . . .     Gourm    .   (no shield)
rNeg     . . .     Faith    .   b - +3 leather armour
rPois    .         Spirit   .   g - +0 helmet
rElec    .         Reflect  .   (no cloak)
rCorr    .         Harm     .   (no gloves)
MR       +....                  (no boots)
Stlth    +.........             (no amulet)
HPRegen  0.13/turn              f - ring of protection from magic
MPRegen  0.09/turn              (no ring)

@: lightly drained, very slow
A: molten scales 2, rot immunity
a: Renounce Religion


You were on level 4 of the Dungeon.
You worshipped Xom.
You were a toy of Xom.
You were not hungry.

You visited 1 branch of the dungeon, and saw 4 of its levels.

You collected 51 gold pieces.

Inventory:

Hand Weapons
 a - a +0 spear of chaos
 e - a +1 spear of piercing (weapon)
Armour
 b - a +3 leather armour (worn)
 g - a +0 helmet (worn)
 k - a +2 hat
Jewellery
 f - a ring of protection from magic (left hand)
Scrolls
 d - 2 scrolls of random uselessness
Comestibles
 c - 6 rations
 i - a chunk of flesh


   Skills:
 + Level 3.5(2.9) Fighting
 + Level 4.2(3.6) Polearms
 + Level 2.5(1.9) Armour
 + Level 2.0(1.5) Dodging
 + Level 1.0(0.5) Stealth


You had 4 spell levels left.
You didn't know any spells.
Your spell library was empty.

Dungeon Overview and Level Annotations

Branches:
Dungeon (4/15)
 Temple: D:4-7

Altars:
Trog
Xom

Portals:
Sewer: D:4


Innate Abilities, Weirdness & Mutations

You are mostly covered in molten scales. (AC +3)
You are immune to rotting.


Message History

You puncture the leopard gecko!
You kill the leopard gecko!
The giant cockroach closely misses you. The leopard gecko barely misses you.
The giant cockroach bites you.
* * * LOW HITPOINT WARNING * * *
You enter the shallow water.
Moving in this stuff is going to be slow.
The giant cockroach barely misses you. The giant cockroach closely misses you.
The leopard gecko closely misses you.
You hit the giant cockroach.
The giant cockroach is severely wounded.
The wight completely misses you.
The giant cockroach bites you but does no damage. x2
The leopard gecko closely misses you.
Your unstable footing causes you to fumble your attack.
The giant cockroach bites you but does no damage. x2
The giant cockroach misses you. The leopard gecko barely misses you.
The wight hits you from afar with a +3 halberd!
You die...
Xom roars with laughter!

#.# # #.# #
#######.#
########≈≈..##.#
##.≈.≈†≈.≈.≈.##$#
#≈.≈≈≈≈≈≈.≈#....#
#z.#########....#
#lss≈≈≈≈≈##.....#
##@s≈.∩.≈≈##....#
##≈≈≈≈≈≈. #....#
######. #...<#
#....# ######


You could see a wight, a leopard gecko and 3 giant cockroaches.

Vanquished Creatures
  Terence (D:2)
  Robin (D:2)
  4 gnolls (D:2)
  An adder (D:2)
  An ooze (D:2)
  2 dart slugs (D:1)
  7 leopard geckos
  An orc (D:4)
  2 bats
  3 giant cockroaches
  14 goblins
  8 hobgoblins
  8 jackals
  3 kobolds
  A quokka (D:4)
  6 frilled lizards
  A rat (D:1)
64 creatures vanquished.

Notes
Turn   | Place    | Note
-------+----------+-------------------------------------------
     0 | D:1      | Marnok the Demonspawn Chaos Knight began the quest for the
                  | Orb.
     0 | D:1      | Reached XP level 1. HP: 18/18 MP: 1/1
    30 | D:2      | Noticed Terence
    64 | D:1      | Reached skill level 3 in Polearms
    98 | D:1      | Gained mutation: You are partially covered in molten
                  | scales. (AC +2) [demonic ancestry]
    98 | D:1      | Reached XP level 2. HP: 13/24 MP: 2/2
   436 | D:1      | Reached skill level 1 in Dodging
   465 | D:1      | XOM: harmless Pois miscast
   630 | D:1      | Reached XP level 3. HP: 29/29 MP: 3/3
   930 | D:2      | Killed Terence
   939 | D:2      | Noticed Robin
   939 | D:2      | XOM: divination: magic mapping
   944 | D:2      | XOM: potion effect (agility)
   955 | D:2      | Gained mutation: You are mostly covered in molten scales.
                  | (AC +3) [demonic ancestry]
   955 | D:2      | Reached XP level 4. HP: 29/35 MP: 4/4
   967 | D:2      | XOM: divination: detect items
  1008 | D:2      | Killed Robin
  1011 | D:2      | Reached skill level 4 in Polearms
  1011 | D:2      | Reached skill level 1 in Stealth
  1100 | D:1      | XOM: silly message
  1115 | D:1      | XOM: harmless Tloc miscast
  1365 | D:2      | XOM: harmless Tloc miscast
  1395 | D:2      | Gained mutation: You are immune to rotting. [demonic
                  | ancestry]
  1395 | D:2      | Reached XP level 5. HP: 38/41 MP: 5/5
  1514 | D:2      | Found a shimmering altar of Xom.
  1514 | D:2      | Found a bloodstained altar of Trog.
  1835 | D:4      | XOM: potion effect (curing)
  1844 | D:4      | XOM: potion effect (curing)
  1848 | D:4      | Found a glowing drain.
  1852 | D:4      | XOM: harmless Fire miscast
  1860 | D:4      | Slain by a wight

Skill      XL: |  1  2  3  4  5 |
---------------+----------------+-----
Polearms       | 3 4 |  4.2
Armour         | 2 |  2.5
Dodging        | 1 2 |  2.0
Stealth        | 1 |  1.0
Fighting       | |  3.5

Action                   |  1- 3 |  4- 6 || total
-------------------------+-------+-------++-------
Melee: Spear             |   121 |   106 ||   227
  Use: Potion            |       |     5 ||     5
       Scroll            |       |     4 ||     4
 Stab: Confused          |     1 |       ||     1
       Paralysed         |     2 |       ||     2
       Sleeping          |     1 |     1 ||     2
  Eat: Chunk             |       |     3 ||     3
Armor: Leather armour    |    52 |    64 ||   116
Dodge: Dodged            |    66 |   119 ||   185
